 Dungeon Crawl Stone Soup version 0.20-b1-18-gaa2fd62 (webtiles) character file.

8171 Firecrotchwizard the Cleaver (level 11, -21/145 HPs)
             Began as a Minotaur Berserker on May 25, 2017.
             Was a High Priest of Trog.
             Killed from afar by an ice statue (24 damage)
             ... with a shard of ice
             ... in an ice cave.
             The game lasted 00:16:40 (8964 turns).

Firecrotchwizard the Cleaver (Minotaur Berserker)   Turns: 8964, Time: 00:16:40

Health: -21/145    AC: 20    Str: 28    XL:     11   Next: 6%
Magic:  0/12       EV: 13    Int:  4    God:    Trog [*****.]
Gold:   600        SH:  0    Dex: 12    Spells: 10/10 levels left

rFire    . . .     SeeInvis .   J - +1 battleaxe
rCold    . . .     Gourm    +   (shield currently unavailable)
rNeg     . . .     Faith    .   D - +5 scale mail of the Trout {MR+ rCorr}
rPois    .         Spirit   +   (helmet restricted)
rElec    .         Reflect  .   u - scarf {Spirit}
rCorr    +         Harm     .   G - +2 pair of gloves
MR       +....                  (no boots)
Stlth    ..........             K - amulet of the gourmand
Regen    0.4/turn               y - ring "Syuch" {EV-2 Slay+2}
MPRegen  0.2/turn               v - +4 ring of protection

@: berserking, very quick
A: retaliatory headbutt, horns 2
a: Berserk, Trog's Hand, Brothers in Arms, Burn Spellbooks, Renounce Religion


You were in an ice cave.
You worshipped Trog.
Trog was extremely pleased with you.
You were full.

You visited 1 branch of the dungeon, and saw 11 of its levels.
You also visited: Ice Cave.

You collected 600 gold pieces.

Inventory:

Hand Weapons
 a - a +1 hand axe
 o - a +0 war axe
 J - a +1 battleaxe (weapon)
Armour
 u - a scarf of spirit shield (worn)
 A - a +0 chain mail
 D - the +5 scale mail of the Trout (worn) {MR+ rCorr}
   (You found it on level 8 of the Dungeon)

   It affects your resistance to hostile enchantments.
   It protects you from acid and corrosion.
 G - a +2 pair of gloves (worn)
Jewellery
 k - a +3 ring of strength
 r - an uncursed ring of protection from fire
 v - a +4 ring of protection (right hand)
 y - the ring "Syuch" (left hand) {EV-2 Slay+2}
   (You found it on level 4 of the Dungeon)

   [ring of evasion]

   It affects your evasion (-2).
   It affects your accuracy and damage with ranged weapons and melee attacks
   (+2).
 B - an uncursed ring of protection from fire
 K - an amulet of the gourmand (around neck)
 L - an uncursed ring of protection from magic
Wands
 f - a wand of clouds (5/9)
 h - a wand of acid (6/15)
 F - a wand of iceblast (3/15)
 H - a wand of polymorph (16/24)
 I - a wand of paralysis (3/24)
Scrolls
 e - 2 scrolls of enchant weapon
 j - 5 scrolls of identify
 z - 8 scrolls of teleportation
 C - 5 scrolls of remove curse
 E - a scroll of magic mapping
Potions
 b - a potion of magic
 d - 7 potions of heal wounds
 g - 4 potions of curing
 i - a potion of berserk rage {unknown}
 l - 2 potions of agility
 m - 2 potions of haste
 n - 4 potions of flight
 p - 3 potions of mutation
 q - a potion of degeneration {unknown}
 w - 2 potions of invisibility
 x - a potion of ambrosia {unknown}
Comestibles
 c - 12 bread rations
 s - 5 meat rations
 t - 19 fruits
 M - a royal jelly


   Skills:
 + Level 9.6 Fighting
 * Level 12.9 Axes
 + Level 9.0 Armour
 + Level 8.5 Dodging
 + Level 3.6 Evocations


You had 10 spell levels left.
You didn't know any spells.

Dungeon Overview and Level Annotations

Branches:
Dungeon (11/15)            Temple (0/1) D:6             Orc (0/2) D:9
   Lair: D:8-11

Altars:
Gozag
Kikubaaqudgha
Makhleb
Nemelex Xobeh
Okawaru
Trog
Xom

Annotations:
IceCv exclusion: ice statue


Innate Abilities, Weirdness & Mutations

You reflexively headbutt those who attack you in melee.
You have a pair of horns on your head.


Message History

The ice beast hits you but does no damage.
You are too injured to fight recklessly!
You are too injured to fight recklessly!
You hit the ice statue but do no damage.
You headbutt the ice statue.
The ice statue is moderately damaged.
You slash the ice beast!
You kill the ice beast!
You are engulfed in freezing vapours.
* * * LOW HITPOINT WARNING * * *
The ice statue gestures at you. The shard of ice hits you!
* * * LOW HITPOINT WARNING * * *
A red film seems to cover your vision as you go berserk!
You feel yourself moving faster!
You feel mighty!
You feel quite a bit less full.
You are engulfed in freezing vapours.
* * * LOW HITPOINT WARNING * * *
The ice statue gestures at you. The shard of ice hits you!
You die...

## #. #§#
#§§#§§####
#§§8..§##
#.@§§.##
##.##§.#
######.#
##.###..#
#....#..#
##......##
##..###.(.#
##..#####.##
#...###.###


You could see an ice statue.

Vanquished Creatures
  Pikel (D:4)
  An ugly thing (D:11)
  Maurice (D:8)
  2 trolls
  A polar bear (IceCv)
  A hippogriff (D:10)
  A spriggan (D:7)
  7 yaks
  3 hungry ghosts
  Menkaure (D:5)
  3 ice beasts
  A sky beast (D:10)
  2 slaves (D:4)
  An orc warrior (D:10)
  A necrophage (D:10)
  2 black bears
  5 phantoms
  2 ogres
  6 wolves (IceCv)
  7 centaurs
  Blork the orc (D:5)
  5 bullfrogs
  A gnoll sergeant (D:5)
  A big kobold (D:8)
  2 scorpions (D:5)
  7 wights
  6 howler monkeys
  A bullfrog zombie (D:10)
  3 orc priests
  2 hounds (D:5)
  5 orc wizards
  A centaur skeleton (D:5)
  2 jellies
  An iguana (D:4)
  8 worker ants
  A killer bee zombie (D:7)
  3 hound zombies
  A hound skeleton (D:4)
  A worker ant zombie (D:9)
  9 gnolls
  14 adders
  3 shadow imps
  An adder zombie (D:9)
  3 worms
  4 dart slugs
  8 leopard geckos
  28 orcs
  4 bats
  6 giant cockroaches
  8 hobgoblins
  8 jackals
  4 quokkas
  A ball python zombie (D:2)
  4 frilled lizards
  5 goblins
  A jackal skeleton (D:4)
  7 kobolds
  A leopard gecko zombie (D:2)
  4 rats
224 creatures vanquished.

Vanquished Creatures (others)
  A yak (IceCv)
  A wolf (IceCv)
  A centaur skeleton (D:4)
3 creatures vanquished.

Grand Total: 227 creatures vanquished

Notes
Turn   | Place    | Note
-------+----------+-------------------------------------------
     0 | D:1      | Firecrotchwizard the Minotaur Berserker began the quest for the Orb.
     0 | D:1      | Reached XP level 1. HP: 19/19 MP: 0/0
   232 | D:1      | Reached XP level 2. HP: 24/27 MP: 1/1
   473 | D:1      | Reached skill level 4 in Axes
  1034 | D:2      | Reached XP level 3. HP: 32/33 MP: 2/2
  1058 | D:2      | Reached XP level 4. HP: 27/40 MP: 3/3
  1061 | D:2      | Reached skill level 5 in Axes
  1274 | D:2      | Found a burning altar of Makhleb.
  1372 | D:2      | Reached ** piety under Trog
  1749 | D:3      | Found a faded altar of an unknown god.
  2202 | D:4      | Reached XP level 5. HP: 47/47 MP: 4/4
  2210 | D:4      | Noticed a phantom
  2241 | D:4      | Noticed an ogre
  2249 | D:4      | Killed an ogre
  2285 | D:4      | Killed a phantom
  2285 | D:4      | Reached skill level 6 in Axes
  2285 | D:4      | Reached XP level 6. HP: 18/55 MP: 3/5
  2523 | D:4      | Found a sparkling altar of Nemelex Xobeh.
  2558 | D:4      | Got a sparkling golden ring
  2559 | D:4      | Identified the cursed ring "Syuch" {EV-2 Slay+2} (You found it on level 4 of the Dungeon)
  2745 | D:4      | Noticed a slave
  2746 | D:4      | Noticed Pikel
  2746 | D:4      | Noticed a slave
  2747 | D:4      | Noticed a slave
  2748 | D:4      | Noticed a slave
  2772 | D:4      | Killed a slave
  2779 | D:4      | Killed a slave
  2790 | D:4      | Killed Pikel
  2790 | D:4      | Reached skill level 5 in Fighting
  2790 | D:4      | Reached skill level 7 in Axes
  2790 | D:4      | Reached skill level 5 in Armour
  2790 | D:4      | Reached XP level 7. HP: 13/62 MP: 2/6
  3235 | D:4      | Found a bloodstained altar of Trog.
  3389 | D:5      | Entered Level 5 of the Dungeon
  3401 | D:5      | Reached XP level 8. HP: 70/70 MP: 7/7
  3411 | D:5      | Reached *** piety under Trog
  3439 | D:5      | Reached skill level 8 in Axes
  3439 | D:5      | Reached skill level 5 in Dodging
  3653 | D:5      | Noticed Menkaure
  3662 | D:5      | Killed Menkaure
  3706 | D:5      | Noticed Blork the orc
  3717 | D:5      | Killed Blork the orc
  3756 | D:5      | Found an iron altar of Okawaru.
  3890 | D:5      | Reached skill level 9 in Axes
  4433 | D:6      | Found a staircase to the Ecumenical Temple.
  4636 | D:7      | Reached XP level 9. HP: 72/79 MP: 8/8
  4647 | D:7      | Found a shimmering altar of Xom.
  4723 | D:7      | Reached skill level 10 in Axes
  4832 | D:7      | Reached **** piety under Trog
  5481 | D:8      | Found an opulent altar of Gozag.
  5560 | D:8      | Noticed Maurice
  5573 | D:8      | Killed Maurice
  5573 | D:8      | Reached skill level 11 in Axes
  5992 | D:8      | Got a heavily runed scale mail
  6003 | D:8      | Identified the +5 scale mail of the Trout {MR+ rCorr} (You found it on level 8 of the Dungeon)
  6391 | D:8      | Reached XP level 10. HP: 90/90 MP: 9/9
  6572 | D:9      | Reached skill level 1 in Evocations
  6619 | D:9      | Found a staircase to the Orcish Mines.
  6920 | D:9      | Reached ***** piety under Trog
  7304 | D:9      | Found an ancient bone altar of Kikubaaqudgha.
  7468 | D:10     | Entered Level 10 of the Dungeon
  7557 | D:10     | Reached skill level 12 in Axes
  8469 | D:11     | Noticed a green ugly thing
  8470 | D:11     | Found a frozen archway.
  8476 | D:11     | Killed a green ugly thing
  8623 | IceCv    | Entered an ice cave
  8646 | IceCv    | Reached XP level 11. HP: 87/97 MP: 10/12
  8964 | IceCv    | HP: 3/145 [ice statue] (19)]
  8964 | IceCv    | Killed from afar by an ice statue

Skill      XL: |  1  2  3  4  5  6  7  8  9 10 11 |
---------------+----------------------------------+-----
Axes           | 4 5 6 7 9 11 12 | 12.9
Fighting       | 4 5 6 7 8 9 |  9.6
Armour         | 3 5 6 7 8 9 |  9.0
Dodging        | 3 4 6 7 8 |  8.5
Evocations     | 3 |  3.6

Action                   |  1- 3 |  4- 6 |  7- 9 | 10-12 || total
-------------------------+-------+-------+-------+-------++-------
Melee: Hand axe          |    44 |   142 |   283 |    35 ||   504
       Headbutt          |    11 |    25 |    55 |    44 ||   135
       Battleaxe         |       |       |       |    98 ||    98
       War axe           |       |       |       |    61 ||    61
Invok: Trog's Hand       |       |     1 |     2 |       ||     3
       Burn Spellbooks   |       |     1 |     2 |       ||     3
       Berserk           |       |       |       |     1 ||     1
Evoke: Wand              |       |       |       |     1 ||     1
  Use: Scroll            |       |       |    17 |     4 ||    21
 Stab: Sleeping          |     1 |       |       |       ||     1
  Eat: Chunk             |       |     4 |    13 |    14 ||    31
       Royal jelly       |       |     1 |     1 |       ||     2
       Meat ration       |       |       |     1 |     1 ||     2
Armor: Ring mail         |     8 |    34 |    33 |       ||    75
       Chain mail        |       |       |   109 |       ||   109
       Scale mail        |       |       |     2 |    99 ||   101
Dodge: Dodged            |    29 |    65 |   125 |   106 ||   325
